 Dungeon Crawl Stone Soup version 0.14-a0-1721-g84c87b2 (webtiles) character file.

352 ReteAZ the Ruffian (level 5, -2/45 HPs)
             Began as a Troll Wizard on Jan 2, 2014.
             Slain by an orc wizard
             ... wielding a +0,+0 orcish dagger
              (4 damage)
             ... on Level 4 of the Dungeon.
             The game lasted 00:13:05 (2621 turns).

ReteAZ the Ruffian (Troll Wizard)                   Turns: 2621, Time: 00:13:05

HP  -2/45        AC  5     Str 16      XL: 5   Next: 46%
MP   6/6         EV  9     Int 14      God:
Gold 156         SH  0     Dex  8      Spells:  3 memorised,  3 levels left

rFire  . . .     SeeInvis .       - Unarmed
rCold  . . .     Clarity  .     a - +0 robe
rNeg   . . .     Conserve .     (shield restricted)
rPois  .         rCorr    .     b - +0 wizard hat
rElec  .         rRot     .     (no cloak)
SustAb . .       Spirit   .     (gloves unavailable)
rMut   .         Warding  .     (boots unavailable)
Gourm  +         Stasis   .     g - amulet of inaccuracy {unknown}
                                (no ring)
                                (no ring)

@: very slightly contaminated, slightly resistant to hostile enchantments,
unstealthy
A: unfitting armour, claws 3, fast metabolism 3, gourmand, regeneration 2,
saprovore 2, shaggy fur 1, tough skin 2
a: no special abilities


You were on level 4 of the Dungeon.
You were very full.

You visited 1 branch of the dungeon, and saw 4 of its levels.

You collected 156 gold pieces.

Inventory:

Armour
 a - a +0 robe (worn)
 b - a +0 wizard hat (worn)
Magical devices
 n - a wand of confusion (5)
 x - a wand of lightning (7) {unknown}
Comestibles
 d - 3 meat rations
 k - 2 bread rations
 r - a chunk of goblin flesh
 s - a rotting chunk of orc flesh
 v - 9 sultanas
 w - a sausage
 z - a chunk of giant gecko flesh
Scrolls
 f - a scroll of remove curse {unknown}
 i - a scroll of fear {unknown}
 j - a scroll of enchant weapon II {unknown}
 l - 4 scrolls of identify {unknown}
 m - a scroll of enchant armour {unknown}
 t - a scroll of magic mapping {unknown}
 y - a scroll of fog {unknown}
Jewellery
 g - an amulet of inaccuracy (around neck) {unknown}
Potions
 e - a potion of restore abilities {unknown}
 h - a potion of mutation {unknown}
 o - a potion of magic
 p - a potion of degeneration {unknown}
 q - a potion of curing {unknown}
 u - 2 potions of heal wounds {unknown}
Books
 c - a book of Minor Magic

   Spells                             Type                      Level
   *Magic Dart                        Conjuration                  1
   *Blink                             Translocation                2
   Call Imp                           Summoning                    2
   *Repel Missiles                    Charms/Air                   2
   Slow                               Hexes                        2
   Conjure Flame                      Conjuration/Fire             3
   Mephitic Cloud                     Conjuration/Poison/Air       3


   Skills:
 - Level 1.5 Dodging
 - Level 1.1 Stealth
 + Level 5.1 Unarmed Combat
 - Level 2.0 Spellcasting
 - Level 1.0 Conjurations
   Level 0.6 Summonings
 - Level 0.6 Translocations


You had 3 spell levels left.
You knew the following spells:

 Your Spells              Type           Power        Failure   Level  Hunger
a - Magic Dart            Conj           #...         17%         1    ##.....
b - Blink                 Tloc           N/A          30%         2    ###....
c - Repel Missiles        Chrm/Air       #.........   34%         2    ###....


Dungeon Overview and Level Annotations

Branches:
Dungeon (4/16)
 Temple: D:4-7

Altars:
Elyvilon
Nemelex Xobeh
Xom
Yredelemnul
Zin

Shops:
D:3 *


Innate Abilities, Weirdness & Mutations

You are too large for most types of armour.
You have claws for hands.
Your metabolism is lightning-fast.
You like to eat raw meat.
You heal very quickly.
You can eat rotten meat.
You are covered in fur (AC +1).
You have very tough skin (AC +2).


Message History

You barely miss the orc wizard.
The orc wizard is almost dead.
The orc wizard hits you with an orcish dagger.
* * * LOW HITPOINT WARNING * * *
The orc wizard hits you with an orcish dagger.
* * * LOW HITPOINT WARNING * * *
You miss the orc wizard.
The orc wizard is almost dead.
The orc wizard hits you but does no damage.
The orc wizard gestures at you while chanting.
The puff of flame hits you!
One of your 5 scrolls labeled BLAJY ROUSOXEXT catches fire!
* * * LOW HITPOINT WARNING * * *
The orc wizard closely misses you.
Drink which item? (? for menu, Esc to quit)
Magic courses through your body.
It was a potion of magic.
The orc wizard hits you with an orcish dagger.
* * * LOW HITPOINT WARNING * * *
The orc wizard hits you with an orcish dagger.
You die...

#[# #.#
##.########
#.........#
#.........#
#.........#
#.........#
#.%.......#
#.!o@o....#
#.........#
#............
#.........###
#.........#
##.########
#..# ###
####.########
#..
#...........#
##.####


You could see 2 orc wizards.

Vanquished Creatures
  2 orc priests (D:3)
  6 adders
  2 worms (D:2)
  2 oozes
  3 orcs (D:3)
  4 giant cockroaches
  7 hobgoblins
  3 jackals (D:3)
  4 kobolds
  A quokka (D:2)
  6 bats
  5 giant geckos
  A giant newt (D:2)
  8 goblins
  7 rats
61 creatures vanquished.

Notes
Turn   | Place    | Note
--------------------------------------------------------------
     0 | D:1      | ReteAZ, the Troll Wizard, began the quest for the Orb.
     0 | D:1      | Reached XP level 1. HP: 16/16 MP: 3/3
    96 | D:1      | Reached skill level 1 in Unarmed Combat
   122 | D:1      | Reached skill level 1 in Conjurations
   125 | D:1      | Reached XP level 2. HP: 24/24 MP: 3/3
   898 | D:2      | Reached XP level 3. HP: 7/31 MP: 1/5
   998 | D:2      | Found a sparkling altar of Nemelex Xobeh.
   999 | D:2      | Found a white marble altar of Elyvilon.
  1142 | D:2      | Reached skill level 3 in Unarmed Combat
  1149 | D:2      | Found a basalt altar of Yredelemnul.
  1276 | D:2      | Reached XP level 4. HP: 22/39 MP: 0/5
  1357 | D:2      | Found a shimmering altar of Xom.
  1739 | D:3      | Found Zin's Purification Station.
  1740 | D:3      | Found a glowing silver altar of Zin.
  1835 | D:3      | Learned a level 2 spell: Blink
  1838 | D:3      | Learned a level 2 spell: Repel Missiles
  1899 | D:3      | Reached skill level 4 in Unarmed Combat
  1940 | D:3      | Reached XP level 5. HP: 18/45 MP: 1/6
  2138 | D:3      | Reached skill level 5 in Unarmed Combat
  2621 | D:4      | HP: 2/45 [orc wizard/orcish dagger (2)]
  2621 | D:4      | Slain by an orc wizard

Action                   |  1- 3 |  4- 6 || total
-------------------------+-------+-------++-------
Melee: Unarmed           |   166 |   127 ||   293
 Cast: Magic Dart        |    36 |    30 ||    66
Evoke: Wand              |       |     1 ||     1
  Use: Potion            |       |     1 ||     1
